 Dungeon Crawl Stone Soup version 0.30-a0-422-g946f4849ff (webtiles) character file.

Game seed: 9184309270739482582

18793 p00ps00p the Cleaver (level 12, -6/113 HPs)
             Began as a Hill Orc Fighter on Dec 9, 2022.
             Was an Initiate of Gozag.
             Constricted to death by Jorgrun (7 damage)
             ... on level 2 of the Orcish Mines.
             The game lasted 00:21:53 (14693 turns).

p00ps00p the Cleaver (Hill Orc Fighter)            Turns: 14693, Time: 00:21:54

Health: -6/113     AC: 25    Str: 24    XL:     12   Next: 62%
Magic:  12/12      EV:  9    Int:  8    God:    Gozag
Gold:   1379       SH: 11    Dex: 10    Spells: 11/11 levels left

rFire   . . .      SeeInvis +    a - +3 war axe (flame)
rCold   . . .      Faith    .    c - +0 buckler
rNeg    . . .      Spirit   .    z - +0 storm dragon scales
rPois   +          Reflect  +    F - +1 helmet {SInv}
rElec   +          Harm     .    A - +0 cloak {rCorr}
rCorr   +          Rampage  .    o - +1 pair of gloves
Will    .....                    B - +2 pair of boots
Stlth   ..........               s - amulet of reflection
HPRegen 0.38/turn                h - +4 ring of evasion
MPRegen 0.13/turn                m - ring of poison resistance

@: about to teleport, grasped by roots, constricted
A: no striking features
a: Renounce Religion, Potion Petition, Call Merchant, Bribe Branch


You were on level 2 of the Orcish Mines.
You worshipped Gozag.
Gozag was most pleased with you.
You visited 3 branches of the dungeon, and saw 14 of its levels.

You collected 2790 gold pieces.
You spent 854 gold pieces at shops.
You paid 557 gold pieces to Gozag.

Inventory:

Hand Weapons
 a - a +3 war axe of flaming (weapon)
Missiles
 i - 62 poisoned darts (quivered)
 l - 10 boomerangs
 n - 3 curare-tipped darts
 r - a throwing net
Armour
 c - a +0 buckler (worn)
 o - a +1 pair of gloves (worn)
 z - +0 storm dragon scales (worn)
 A - a +0 cloak of preservation (worn)
 B - a +2 pair of boots (worn)
 F - a +1 helmet of see invisible (worn)
Jewellery
 d - a ring of willpower
 h - a +4 ring of evasion (left hand)
 m - a ring of poison resistance (right hand)
 s - an amulet of reflection (around neck)
 y - a ring of protection from cold
 E - a +4 ring of protection
 H - an amulet of regeneration
Wands
 f - a wand of mindburst (5)
 q - a wand of polymorph (11)
 t - a wand of charming (20)
 x - a wand of digging (5)
 D - a wand of quicksilver (5)
Scrolls
 g - 2 scrolls of butterflies
 k - 3 scrolls of amnesia
 p - a scroll of brand weapon
 w - 2 scrolls of teleportation
 I - a scroll of poison
Potions
 b - a potion of degeneration
 e - 3 potions of brilliance
 j - a potion of mutation
 u - 2 potions of resistance
 v - a potion of flight
 G - a potion of haste


   Skills:
 + Level 12.7 Fighting
 + Level 13.6 Axes
 + Level 11.8 Armour
 + Level 11.7 Shields


You had 11 spell levels left.
You didn't know any spells.
Your spell library contained the following spells:

 Spells                   Type           Power      Damage    Failure   Level
 Apportation              Tloc           0%         N/A       94%         1
 Necrotise                Necr           0%         1d4       94%         1
 Summon Small Mammal      Summ           0%         N/A       94%         1
 Gell's Gravitas          Tloc           0%         N/A       100%        3
 Ignite Poison            Fire/Tmut/Pois 0%         N/A       100%        3
 Lesser Beckoning         Tloc           0%         N/A       100%        3
 Teleport Other           Tloc           0%         N/A       100%        3
 Sticky Flame             Conj/Fire      0%         2d3       100%        4
 Ignition                 Fire           0%         3d3       100%        8


Dungeon Overview and Level Annotations

Branches:
Dungeon (11/15)            Temple (1/1) D:5            Lair (0/5) D:11
    Orc (2/2) D:11            Elf (0/3) Orc:2

Altars:
Ashenzari
Cheibriados
Dithmenos
Elyvilon
Fedhas
Gozag
Hepliaklqana
Kikubaaqudgha
Makhleb
Nemelex Xobeh
Okawaru
Qazlal
Ru
Sif Muna
Trog
Uskayaw
Vehumet
Wu Jian
Xom
Yredelemnul
Zin
The Shining One

Shops:
D:3 (   D:8 [   D:9 *   D:10 !   D:11 [   Orc:1 =   Orc:2 *

Annotations:
D:3 2 runed translucent doors, soul19's ghost, amateur GrFE
Orc:2 Jorgrun


Message History

You slice Jorgrun!! You burn Jorgrun.
Jorgrun is moderately wounded.
You miss Jorgrun.
Jorgrun is moderately wounded.
You block Jorgrun's attack.
You slash Jorgrun! You burn Jorgrun.
Jorgrun is heavily wounded.
Jorgrun gestures at you while chanting. The iron shot hits you!!!
* * * LOW HITPOINT WARNING * * *
You miss Jorgrun.
Jorgrun is heavily wounded.
Jorgrun hits you but does no damage.
Aiming: Quicksilver Bolt
Press: ? - help, Q - select action, (/) - cycle Shift-Dir - straight line, f - Jorgrun
Aim: Jorgrun, wielding a staff of earth and wearing a +2 robe of cold resistance (heavily wounded, 53% to hit)
The bolt of dispelling energy misses Jorgrun.
Jorgrun casts a spell at you.
Roots burst forth from the earth!
The grasping roots grab you! The grasping roots constrict you!
* * * LOW HITPOINT WARNING * * *
As you read the scroll of teleportation, it crumbles to dust.
You feel strangely unstable. Jorgrun hits you but does no damage.
The grasping roots constrict you.
You feel better. Jorgrun hits you but does no damage.
The grasping roots constrict you.
* * * LOW HITPOINT WARNING * * *
You feel better. Jorgrun closely misses you. The grasping roots constrict you.
* * * LOW HITPOINT WARNING * * *
Aiming: Mindburst
Press: ? - help, Q - select action, (/) - cycle Shift-Dir - straight line, f/p - Jorgrun
Aim: Jorgrun, wielding a staff of earth and wearing a +2 robe of cold resistance (heavily wounded, chance to affect: 1%) Jorgrun resists with almost no effort.
Jorgrun casts a spell at you. The iron shot hits you!!
* * * LOW HITPOINT WARNING * * *
The grasping roots constrict you!
You die...
Your body crumbles into a pile of gold.

#.... ##.## $
#.#..##...##
.$..#......#
...........##
............#
...........##
#......g..#.## .#
#.....@.....###.#......
##..........#.$.........
#..........#......#.....
.......$................
........................
........................
...........#............
............#..........#
..<....................#


You could see Jorgrun.

Vanquished Creatures
  Erica (D:8)
  An ogre mage (Orc:1)
  2 boulder beetles (D:11)
  A centaur warrior (D:9)
  4 two-headed ogres
  Pikel (D:8)
  An orc sorcerer (Orc:2)
  A manticore (D:11)
  2 cyclopes
  4 ugly things
  Psyche (D:8)
  A kobold demonologist (D:10)
  3 hornets
  4 trolls
  Prince Ribbit (D:8)
  A vampire (D:11)
  2 basilisks (D:11)
  3 wyverns
  5 yaks
  A steam dragon (D:9)
  3 vampire mosquitoes (D:10)
  Grum (D:8)
  A warg (Orc:1)
  Edmund (D:4)
  2 acid dragons (D:10)
  A water moccasin (D:8)
  Duvessa (D:7)
  11 orc warriors
  A sky beast (D:8)
  2 black bears
  5 ogres
  3 wolves (D:8)
  A centaur (D:9)
  A phantom (D:7)
  2 lemures (D:8)
  5 bullfrogs
  4 kobold brigands
  A necrophage (D:7)
  A gnoll sergeant (D:9)
  A scorpion (D:4)
  12 killer bees
  Dowan (D:7)
  6 howler monkeys
  3 jellies
  4 hounds
  A gnoll bouda (D:9)
  11 orc priests
  3 iguanas
  14 orc wizards
  12 gnolls
  6 adders
  3 white imps
  An ufetubus (D:5)
  2 worms
  3 dart slugs
  46 orcs
  2 ball pythons
  4 endoplasms
  A giant cockroach (D:1)
  9 goblins
  3 hobgoblins
  9 jackals
  A quokka (D:4)
  3 bats
  2 frilled lizards (D:3)
  19 kobolds
  5 rats
274 creatures vanquished.

Vanquished Creatures (others)
  An orc priest (D:6)
  A plant (D:11)
2 creatures vanquished.

Grand Total: 276 creatures vanquished

Notes
Turn   | Place    | Note
-------+----------+-------------------------------------------
     0 | D:1      | p00ps00p the Hill Orc Fighter began the quest for the Orb.
     0 | D:1      | Reached XP level 1. HP: 19/19 MP: 1/1
   268 | D:1      | Reached XP level 2. HP: 27/27 MP: 2/2
   324 | D:1      | Reached skill level 3 in Axes
   908 | D:2      | Reached XP level 3. HP: 29/33 MP: 3/3
  1402 | D:3      | Found Macimp's Antique Weapon Boutique.
  1495 | D:3      | Found a stormy altar of Qazlal.
  1642 | D:3      | Found a glowing silver altar of Zin.
  1642 | D:3      | Found a basalt altar of Yredelemnul.
  1644 | D:3      | Found a hide-covered altar of Uskayaw.
  1645 | D:3      | Found a broken altar of Ashenzari.
  1786 | D:3      | Reached XP level 4. HP: 32/40 MP: 4/4
  1939 | D:3      | Found a runed translucent door.
  1944 | D:3      | Noticed soul19's ghost (amateur GrFE)
  1983 | D:3      | Found a runed translucent door.
  2251 | D:4      | Found a burning altar of Makhleb.
  2305 | D:4      | Noticed an ogre
  2311 | D:4      | Killed an ogre
  2312 | D:4      | Reached skill level 4 in Axes
  2312 | D:4      | Reached XP level 5. HP: 26/47 MP: 5/5
  2627 | D:4      | Noticed Edmund
  2645 | D:4      | Killed Edmund
  2646 | D:4      | Reached skill level 5 in Fighting
  2646 | D:4      | Reached XP level 6. HP: 26/56 MP: 6/6
  3025 | D:4      | Reached skill level 5 in Axes
  3098 | D:5      | Entered Level 5 of the Dungeon
  3098 | D:5      | Noticed a black bear
  3106 | D:5      | Killed a black bear
  3107 | D:5      | Reached skill level 5 in Armour
  3107 | D:5      | Reached skill level 5 in Shields
  3107 | D:5      | Reached XP level 7. HP: 30/61 MP: 7/7
  3140 | D:5      | Found a staircase to the Ecumenical Temple.
  3175 | Temple   | Entered the Ecumenical Temple
  3585 | Temple   | Became a worshipper of Gozag Ym Sagoz the Greedy
  4420 | D:6      | Noticed a yak
  4420 | D:6      | Noticed a yak
  4420 | D:6      | Noticed a yak
  4420 | D:6      | Noticed a yak
  4431 | D:5      | Killed a yak
  4432 | D:5      | Reached skill level 6 in Axes
  4709 | D:5      | Killed a yak
  4710 | D:5      | Reached XP level 8. HP: 71/71 MP: 8/8
  4731 | D:5      | Killed a yak
  4736 | D:5      | Killed a yak
  4737 | D:5      | Reached skill level 7 in Axes
  5080 | D:6      | Found a sparkling altar of Nemelex Xobeh.
  5552 | D:6      | Reached XP level 9. HP: 28/79 MP: 9/9
  6151 | D:6      | Found a blossoming altar of Fedhas.
  6175 | D:7      | Found a sacrificial altar of Ru.
  6183 | D:7      | Reached skill level 8 in Axes
  6364 | D:7      | Noticed Duvessa
  6379 | D:7      | Killed Duvessa
  6382 | D:7      | Noticed Dowan
  6399 | D:7      | Killed Dowan
  7171 | D:8      | Noticed Pikel
  7190 | D:8      | Killed Pikel
  7191 | D:8      | Reached skill level 9 in Axes
  7291 | D:8      | Noticed Prince Ribbit
  7294 | D:8      | Reached XP level 10. HP: 91/91 MP: 10/10
  7308 | D:8      | Killed Prince Ribbit
  7369 | D:8      | Noticed Psyche
  7379 | D:8      | Killed Psyche
  7435 | D:8      | Found Esaqul's Armour Boutique.
  7443 | D:8      | Bought a +0 cloak of preservation for 138 gold pieces
  7443 | D:8      | Bought a +2 pair of boots for 198 gold pieces
  7631 | D:8      | Noticed Erica
  8213 | D:8      | Killed Erica
  8214 | D:8      | Reached skill level 10 in Axes
  8332 | D:8      | Noticed Grum
  8350 | D:8      | Killed Grum
  8602 | D:8      | Reached skill level 10 in Fighting
  9084 | D:9      | Noticed a green ugly thing
  9101 | D:9      | Killed a green ugly thing
 10125 | D:9      | Found Waurolun's Serpentskin Sales.
 10129 | D:9      | Bought a ring of poison resistance for 240 gold pieces
 10129 | D:9      | Bought 6 poisoned darts for 28 gold pieces
 10129 | D:9      | Bought 3 curare-tipped darts for 21 gold pieces
 10129 | D:9      | Bought 4 poisoned darts for 19 gold pieces
 10473 | D:9      | Reached skill level 11 in Axes
 10493 | D:9      | Reached XP level 11. HP: 101/101 MP: 11/11
 10544 | D:9      | Found a radiant altar of Vehumet.
 10544 | D:9      | Noticed a centaur warrior
 10550 | D:9      | Killed a centaur warrior
 10895 | D:10     | Entered Level 10 of the Dungeon
 10903 | D:10     | Found Cyfa Nyqe's Distillery.
 10951 | D:10     | Noticed a two-headed ogre
 10958 | D:10     | Killed a two-headed ogre
 10959 | D:10     | Reached skill level 10 in Armour
 10959 | D:10     | Reached skill level 10 in Shields
 11891 | D:11     | Noticed a manticore
 11902 | D:11     | Killed a manticore
 11903 | D:11     | Reached skill level 12 in Axes
 12018 | D:11     | Noticed a cyclops
 12026 | D:11     | Killed a cyclops
 12186 | D:11     | Noticed a boulder beetle
 12205 | D:11     | Killed a boulder beetle
 12352 | D:11     | Bought a shiny helmet for 210 gold pieces
 12365 | D:11     | Noticed a green ugly thing
 12373 | D:11     | Killed a green ugly thing
 12466 | D:11     | Found a staircase to the Orcish Mines.
 12558 | D:11     | Noticed a boulder beetle
 12559 | D:11     | Found a staircase to the Lair.
 12572 | D:11     | Reached XP level 12. HP: 75/112 MP: 12/12
 12588 | D:11     | Killed a boulder beetle
 13587 | Orc:1    | Entered Level 1 of the Orcish Mines
 13676 | Orc:1    | Reached skill level 13 in Axes
 13913 | Orc:1    | Noticed an ogre mage
 13914 | Orc:1    | Noticed a two-headed ogre
 13914 | Orc:1    | Noticed a two-headed ogre
 13924 | Orc:1    | Noticed a two-headed ogre
 13929 | Orc:1    | Killed a two-headed ogre
 13934 | Orc:1    | Killed an ogre mage
 13936 | Orc:1    | Killed a two-headed ogre
 13938 | Orc:1    | Killed a two-headed ogre
 14290 | Orc:1    | Found Larhyata's Jewellery Boutique.
 14504 | Orc:2    | Entered Level 2 of the Orcish Mines
 14504 | Orc:2    | Found a staircase to the Elven Halls.
 14526 | Orc:2    | Found Gaynned's Goods Gallery.
 14587 | Orc:2    | Noticed a sun demon
 14673 | Orc:2    | Noticed Jorgrun
 14693 | Orc:2    | HP: 1/113 [Jorgrun/iron shot (25)]
 14693 | Orc:2    | Constricted to death by Jorgrun

Illustrated notes

Levels and vault maps discovered:
D:1:      dpeg_arrival_pond, layout_loops_ring
D:2:      layout_basic
D:3:      layout_basic, overflow_temple_1_default, mainiacjoe_overflow_alcove_3,
          serial_shops, nicolae_shop_trees, ebering_ghost_sewer_f
D:4:      layout_loops_ring, makhleb_heckhound_becter, grunt_ministairs_3,
          uniq_edmund
D:5:      layout_rooms, minmay_temple_entry_ruins,
          chequers_serial_rivers_micro_e, hex_intersection,
          nicolae_figureground_pulse
D:6:      layout_basic, fedhas_altar_4, mainiacjoe_overflow_paths
D:7:      layout_loops_ring, nicolae_ru_sacrificial_ziggurat,
          palyth_stone_intersect, uniq_duvessa
D:8:      layout_cave_pods, serial_shops, shop, uniq_grum, uniq_prince_ribbit1,
          uniq_psyche, uniq_pikel, uniq_erica
D:9:      layout_grid_maze, nicolae_vehumet_altar_sigil, guppyfry_shop_venom
D:10:     layout_basic, serial_shops, nicolae_stop_n_shop_1,
          lemuel_flamethrower_1
D:11:     layout_stronghold, david_lair_generic, david_orc_4
Temple:   hc_temple_tempest_star
Orc:1:    layout_caves, serial_shops, nicolae_diamond_shop
Orc:2:    grunt_orc_community_town_hall, layout_caves,
          grunt_orc_community_big_house_1, grunt_orc_community_big_house_2,
          grunt_orc_community_house_2, grunt_orc_community_house_3,
          grunt_orc_community_house_2, grunt_orc_community_house_3,
          grunt_orc_community_house_3, serial_shops, shop,
          nicolae_alphabet_shops, uniq_jorgrun

Skill      XL: |  1  2  3  4  5  6  7  8  9 10 11 12 |
---------------+-------------------------------------+-----
Axes           | 3 4 5 6 7 9 11 12 13 | 13.6
Fighting       | 4 5 6 7 9 10 11 12 | 12.7
Armour         | 4 5 6 8 9 11 | 11.8
Shields        | 4 5 6 8 9 10 11 | 11.7

Action                   |  1- 3 |  4- 6 |  7- 9 | 10-12 || total
-------------------------+-------+-------+-------+-------++-------
Melee: War axe           |   102 |    65 |   231 |   451 ||   849
Invok: Call Merchant     |       |       |       |     1 ||     1
Evoke: Wand              |       |       |     1 |     9 ||    10
  Use: Scroll            |    12 |     2 |     8 |     5 ||    27
       Potion            |       |     1 |     1 |     2 ||     4
 Stab: Distracted        |       |       |       |     1 ||     1
Armor: Scale mail        |    55 |    17 |       |       ||    72
       Chain mail        |       |    15 |   122 |       ||   137
       Storm dragon scal |       |       |       |   197 ||   197
Dodge: Dodged            |    45 |    32 |    77 |   211 ||   365
Block: Buckler           |    32 |    32 |   127 |   245 ||   436
       Reflection        |       |     1 |     1 |    13 ||    15

Table legend: (Time is in decaauts)
 A = Elapsed time spent in this place.
 B = Non-inter-level travel time spent in this place.
 C = Inter-level travel time spent in this place.
 D = Time resting spent in this place.
 E = Time spent auto-exploring this place.
 F = Levels seen in this place.
 G = Mean time per level.
                   A        B        C        D        E       F      G
               +--------+--------+--------+--------+--------+-----+--------+
         Total |  14772 |  14286 |    486 |   3427 |   8437 |  14 | 1055.1 |
       Dungeon |  13248 |  12824 |    424 |   3100 |   7594 |  11 | 1204.4 |
        Temple |    431 |    380 |     51 |      0 |    368 |   1 |  431.0 |
  Orcish Mines |   1091 |   1080 |     11 |    327 |    475 |   2 |  545.5 |
               +--------+--------+--------+--------+--------+-----+--------+

Top non-repeatable levels by time:
     D:9: 1809 daAuts
    D:11: 1738 daAuts
     D:7: 1539 daAuts
     D:6: 1441 daAuts
     D:8: 1386 daAuts
     D:5: 1235 daAuts
    D:10: 942 daAuts
     D:3: 915 daAuts
   Orc:1: 906 daAuts
     D:4: 864 daAuts
     D:1: 731 daAuts
     D:2: 643 daAuts
  Temple: 431 daAuts
   Orc:2: 185 daAuts
